 Dungeon Crawl Stone Soup version 0.16.1-4-g8e1b745 (webtiles) character file.

840 Psiweapon the Twirler (level 8, -11/50 HPs)
             Began as a Gargoyle Gladiator on Mar 27, 2015.
             Mangled by Monkaria's ghost (12 damage)
             ... on level 6 of the Dungeon.
             The game lasted 00:13:27 (4230 turns).

Psiweapon the Twirler (Gargoyle Gladiator)          Turns: 4230, Time: 00:13:27

Health: -11/50     AC: 15    Str: 18    XL:     8   Next: 0%
Magic:  8/8        EV:  7    Int: 11    God:
Gold:   220        SH:  0    Dex: 11    Spells: 0 memorised, 7 levels left

rFire  + + .     SeeInvis .     a - +0 quarterstaff
rCold  . . .     Clarity  +     g - +0 chain mail {rF+}
rNeg   + + .     SustAb   .     (no shield)
rPois  ∞         Gourm    .     c - +0 helmet
rElec  +         Spirit   .     (no cloak)
rCorr  .         Warding  .     (no gloves)
rMut   .         Stasis   .     i - +0 pair of boots
MR     .....                    o - amulet of rage
Stlth  ..........               H - ring of protection from fire
                                p - ring of positive energy

@: not resistant to hostile enchantments, extremely unstealthy
A: berserk 1, clarity, negative energy resistance 1, sense surroundings 1,
electricity resistance, unbreathing, petrification resistance, rot immunity, AC
+5
a: Evoke Berserk Rage


You were on level 6 of the Dungeon.
You were hungry.

You visited 1 branch of the dungeon, and saw 6 of its levels.

You collected 220 gold pieces.

Inventory:

Hand weapons
 a - a +0 quarterstaff (weapon)
Missiles
 d - 3 throwing nets (quivered)
 e - 19 stones
 h - 30 bolts
 n - 6 silver tomahawks
 B - 6 javelins
Armour
 b - a +0 leather armour
 c - a +0 helmet (worn)
 g - a +0 chain mail of fire resistance (worn)
 i - a +0 pair of boots (worn)
 C - a +0 scale mail
Jewellery
 o - an amulet of rage (around neck)
 p - a ring of positive energy (left hand)
 H - a ring of protection from fire (right hand)
Scrolls
 m - 2 scrolls of remove curse
 q - a scroll of fog
 r - 2 scrolls of teleportation
 t - 2 scrolls of amnesia
 y - a scroll of recharging
 E - a scroll of fear
 G - a scroll of immolation {unknown}
 I - a scroll of random uselessness
 J - a scroll of magic mapping {unknown}
 L - a scroll of blinking {unknown}
Potions
 l - a potion of magic {unknown}
 u - a potion of poison {unknown}
 v - 2 potions of heal wounds {unknown}
 w - a potion of invisibility {unknown}
 x - a potion of haste
 z - a potion of resistance {unknown}
 D - a potion of restore abilities
 F - 2 potions of curing
 K - a potion of flight
 N - a potion of agility
Comestibles
 f - 5 bread rations
 j - a chunk of flesh
 k - 2 beef jerkies
 s - a slice of pizza
 A - a meat ration


   Skills:
 - Level 5.5 Fighting
 * Level 7.9 Staves
 - Level 2.0 Throwing
 + Level 0.2 Armour
 - Level 2.4 Dodging


You had 7 spell levels left.
You didn't know any spells.

Dungeon Overview and Level Annotations

Branches:
Dungeon (6/15)
 Temple: D:4-7

Altars:
Cheibriados
Dithmenos
Ru
Sif Muna
Trog

Annotations:
D:5 Monkaria's ghost, experienced MiFi
D:6 Monkaria's ghost, experienced MiFi


Innate Abilities, Weirdness & Mutations

You are resistant to torment.
You are immune to poison.
Your stone body is very resilient (AC +5).
You resist negative energy.
You are resistant to electric shocks.
You can survive without breathing.
You are immune to petrification.
You are immune to rotting.
You tend to lose your temper in combat.
You possess an exceptional clarity of mind.
You passively map a small area around you.


Message History

You barely miss Monkaria's ghost.
The orc priest hits you but does no damage.
Monkaria's ghost hits you.
* * * LOW HITPOINT WARNING * * *
You barely miss the orc priest.
The orc priest is almost dead.
Monkaria's ghost hits you but does no damage.
The orc priest hits you but does no damage.
You hit the orc priest.
You kill the orc priest!
You have reached level 8!
You feel clever.
You hit Monkaria's ghost.
Monkaria's ghost is lightly damaged.
Monkaria's ghost barely misses you. The orc hits you with a whip.
* * * LOW HITPOINT WARNING * * *
You closely miss Monkaria's ghost.
Monkaria's ghost is lightly damaged.
Monkaria's ghost hits you!
You die...

..#######.##.....##
..# #.#.......#.
..# #.#.......#.#
### #....._.....#
#.#.......#
#.#.......#
#.##.....## ,#
#.####.####..#
#......W@oo..#
##...#####...# #..#
* #.# #.# * # * #.
# *, , * * ,* * ,


You could see Monkaria's ghost and 2 orcs.

Vanquished Creatures
  A phantom (D:4)
  A water moccasin (D:5)
  2 scorpions (D:5)
  2 giant frog zombies (D:4)
  2 orc priests
  2 hounds (D:5)
  An iguana (D:4)
  A jelly (D:3)
  Natasha (D:5)
  A worker ant (D:5)
  2 orc wizards (D:5)
  4 hound skeletons
  2 adders
  7 gnolls
  2 worms (D:2)
  2 adder zombies (D:4)
  An ooze (D:1)
  3 orcs
  2 bat skeletons
  A bat zombie (D:4)
  A giant cockroach (D:2)
  11 goblins
  8 hobgoblins
  A quokka (D:3)
  3 ball pythons
  8 bats
  A giant gecko zombie (D:4)
  4 giant newts
  4 jackals (D:3)
  A jackal skeleton (D:4)
  5 kobolds
  A quokka zombie (D:4)
  12 rats
  A plant (D:1)
101 creatures vanquished.

Notes
Turn   | Place    | Note
--------------------------------------------------------------
     0 | D:1      | Psiweapon, the Gargoyle Gladiator, began the quest for the Orb.
     0 | D:1      | Reached XP level 1. HP: 12/12 MP: 1/1
   270 | D:1      | Reached XP level 2. HP: 18/18 MP: 2/2
   993 | D:2      | Reached XP level 3. HP: 22/22 MP: 3/3
  1018 | D:2      | Found a deep blue altar of Sif Muna.
  1188 | D:2      | Reached skill level 4 in Staves
  1682 | D:2      | Reached XP level 4. HP: 26/28 MP: 4/4
  1736 | D:3      | Found a sacrificial altar of Ru.
  2139 | D:3      | Reached XP level 5. HP: 28/32 MP: 5/5
  2144 | D:3      | Reached skill level 5 in Staves
  2463 | D:3      | Found a snail-covered altar of Cheibriados.
  2740 | D:4      | Noticed a phantom
  2763 | D:4      | Killed a phantom
  2763 | D:4      | Reached skill level 6 in Staves
  2763 | D:4      | Reached XP level 6. HP: 18/38 MP: 6/6
  2962 | D:5      | Entered Level 5 of the Dungeon
  3326 | D:4      | Found a shadowy altar of Dithmenos.
  3709 | D:5      | Reached XP level 7. HP: 41/44 MP: 7/7
  3879 | D:5      | Noticed Natasha
  3887 | D:5      | Killed Natasha
  3887 | D:5      | Reached skill level 5 in Fighting
  3887 | D:5      | Reached skill level 7 in Staves
  3915 | D:5      | Gained mutation: You passively map a small area around you. [potion of mutation]
  3915 | D:5      | Gained mutation: You tend to lose your temper in combat. [potion of mutation]
  3915 | D:5      | Gained mutation: You possess an exceptional clarity of mind. [potion of mutation]
  4115 | D:5      | Noticed a water moccasin
  4124 | D:5      | Killed a water moccasin
  4147 | D:5      | Noticed Monkaria's ghost (experienced MiFi)
  4203 | D:6      | Found a bloodstained altar of Trog.
  4209 | D:6      | Noticed Monkaria's ghost (experienced MiFi)
  4228 | D:6      | Reached XP level 8. HP: 3/50 MP: 8/8
  4229 | D:6      | HP: 1/50 [orc/whip (2)]
  4230 | D:6      | Mangled by Monkaria's ghost

Action                   |  1- 3 |  4- 6 |  7- 9 || total
-------------------------+-------+-------+-------++-------
Melee: Quarterstaff      |   161 |   158 |    99 ||   418
 Abil: Evoke Berserk Rag |     2 |     1 |     2 ||     5
  Use: Scroll            |       |       |    13 ||    13
       Potion            |       |       |     1 ||     1
  Eat: Chunk             |     4 |     7 |     3 ||    14
